 Dungeon Crawl Stone Soup version 0.19.0-2-gae57169 (webtiles) character file.

5924 Jerry the Cleaver (level 10, 0/81 HPs)
             Began as a Deep Dwarf Fighter on Nov 2, 2016.
             Was a Priest of Makhleb.
             Slain by a yak (1 damage)
             ... on level 8 of the Dungeon.
             The game lasted 00:36:44 (5999 turns).

Jerry the Cleaver (Deep Dwarf Fighter)              Turns: 5999, Time: 00:36:45

Health: 0/81       AC: 16    Str: 21    XL:     10   Next: 53%
Magic:  7/7        EV:  8    Int:  9    God:    Makhleb [***...]
Gold:   451        SH:  0    Dex: 14    Spells: 0 memorised, 9 levels left

rFire  . . .     SeeInvis .     a - +1 war axe
rCold  . . .     Gourm    .     P - +0 chain mail
rNeg   . . .     Faith    .     (no shield)
rPois  .         Spirit   .     i - +1 helmet (curse)
rElec  .         Reflect  .     (no cloak)
rCorr  .         Harm     .     M - +0 pair of gloves
MR     +++..                    (no boots)
Stlth  ..........               (no amulet)
                                (no ring)
                                d - ring of protection from magic

@: non-regenerating, drained
A: damage resistance, recharge devices, magic resistance 1, sense surroundings
2, slow regeneration 3
a: Device Recharging, Minor Destruction, Lesser Servant of Makhleb, Renounce
Religion


You were on level 8 of the Dungeon.
You worshipped Makhleb.
Makhleb was most pleased with you.
You were not hungry.

You visited 2 branches of the dungeon, and saw 10 of its levels.
You also visited: Sewer.

You collected 451 gold pieces.

Inventory:

Hand Weapons
 a - a +1 war axe (weapon)
Missiles
 u - 15 sling bullets
 C - 2 tomahawks of dispersal (quivered)
Armour
 b - a +0 scale mail
 c - a +0 shield
 i - a cursed +1 helmet (worn)
 l - a +0 ring mail of poison resistance
 M - a +0 pair of gloves (worn)
 P - a +0 chain mail (worn)
Jewellery
 d - a ring of protection from magic (left hand)
Wands
 j - a wand of lightning (1/15)
 x - a wand of slowing (13/48)
 y - a wand of iceblast (5/15)
 A - a wand of heal wounds (0/9)
 D - a wand of flame (27/48)
 E - a wand of confusion (35/48)
Scrolls
 e - 5 scrolls of identify
 k - a scroll of enchant armour
 m - a scroll of enchant weapon
 o - a scroll of remove curse
 F - a scroll of torment {unknown}
 H - a scroll of amnesia
 O - a scroll of teleportation
Potions
 n - a potion of brilliance {unknown}
 p - 3 potions of resistance {unknown}
 q - 2 potions of flight {unknown}
 r - 2 potions of invisibility {unknown}
 s - 9 potions of heal wounds {unknown}
 t - 9 potions of curing {unknown}
 v - a potion of lignification {unknown}
 w - a potion of berserk rage {unknown}
 z - 4 potions of might
 G - 3 potions of agility {unknown}
 I - a potion of cancellation {unknown}
 J - a potion of cure mutation {unknown}
 K - a potion of ambrosia {unknown}
 L - a potion of haste {unknown}
Comestibles
 f - 4 bread rations
 g - 3 meat rations
 h - 9 slices of pizza
 B - 2 royal jellies
 N - 3 beef jerkies


   Skills:
 - Level 2.6(2.2) Fighting
 + Level 12.3(11.7) Axes
 + Level 12.3(11.6) Armour
 - Level 3.2(2.7) Shields


You had 9 spell levels left.
You didn't know any spells.

Dungeon Overview and Level Annotations

Branches:
Dungeon (9/15)             Temple (1/1) D:4            Lair (0/6) D:8
    Orc: D:9-12

Altars:
Ashenzari
Cheibriados
Dithmenos
Elyvilon
Fedhas
Gozag
Hepliaklqana
Kikubaaqudgha
Makhleb
Nemelex Xobeh
Okawaru
Qazlal
Ru
Sif Muna
Trog
Uskayaw
Vehumet
Xom
Yredelemnul
Zin
The Shining One


Innate Abilities, Weirdness & Mutations

You are resistant to damage.
You can recharge devices by infusing magical energy.
You passively map the area around you.
You do not regenerate.
You are resistant to hostile enchantments. (MR+)


Message History

The yak gores you.
* * * LOW HITPOINT WARNING * * *
You slash the yak!
The yak is heavily wounded.
You hit the yak.
You completely miss the yak. x2; You slash the yak!
The yak barely misses you. The yak gores you!
* * * LOW HITPOINT WARNING * * *
The yak gores you but does no damage. x2
Evoke which item? (* to show all) (? for menu, Esc to quit)
This wand has no charges.
Unknown command.
The yak gores you but does no damage. x2; The yak gores you!
* * * LOW HITPOINT WARNING * * *
The yak barely misses you. The yak gores you but does no damage.
You climb upwards.
There is a stone staircase leading down, spattered with blood here.
The yak gores you but does no damage. x2; The yak gores you.
The yak barely misses you. The yak gores you.
You die...

≈..................#
≈≈.....†...........#
≈≈.................#
..........##########
..........############
.......##............#
...######....>YY.....#
.###..........YY.....#
'##.....≈≈≈≈≈≈.Y@.####
..#.....≈≈≈≈≈≈....#
..#......≈≈≈≈≈....#
..#...............#
............≈.....#
..........≈≈≈≈....#
..........≈≈≈≈....#
...........≈≈≈....#
..≈..<......≈≈....#


You could see 5 yaks.

Vanquished Creatures
  Pikel (D:6)
  The ghost of Tyryt0 the Covert, a novice OpFi (D:7)
  Grinder (D:6)
  4 hogs (D:8)
  A yak (D:8)
  A human (D:8)
  A hungry ghost (D:6)
  Menkaure (D:4)
  The ghost of WilliamPratt the Skirmisher, an amateur GrFi (D:6)
  Edmund (D:6)
  A water moccasin (D:8)
  3 orc warriors
  A sky beast (D:5)
  4 ogres
  4 phantoms
  A necrophage (D:8)
  A centaur (D:7)
  A big kobold (Sewer)
  A wyvern zombie (D:8)
  4 bullfrogs
  2 scorpions
  3 killer bees (D:8)
  8 wights (D:8)
  2 electric eels (D:8)
  3 howler monkeys (D:7)
  2 crimson imps
  3 orc priests (D:7)
  A jelly (D:6)
  6 hounds
  3 iguanas
  3 orc wizards
  A bullfrog skeleton (D:4)
  A gnoll shaman (D:4)
  4 worker ants
  8 gnolls
  4 adders
  5 shadow imps
  2 oozes
  An adder skeleton (D:4)
  3 worms
  2 dart slugs (D:1)
  8 leopard geckos
  27 orcs
  8 ball pythons
  9 giant cockroaches
  6 goblins
  12 hobgoblins
  12 jackals
  21 kobolds
  4 quokkas
  12 bats
  5 frilled lizards
  8 rats
233 creatures vanquished.

Vanquished Creatures (others)
  A kobold (D:1)
1 creature vanquished.

Grand Total: 234 creatures vanquished

Notes
Turn   | Place    | Note
-------+----------+-------------------------------------------
     0 | D:1      | Jerry the Deep Dwarf Fighter began the quest for the Orb.
     0 | D:1      | Reached XP level 1. HP: 20/20 MP: 1/1
    71 | D:1      | Reached XP level 2. HP: 25/27 MP: 2/2
   331 | D:1      | Reached XP level 3. HP: 22/33 MP: 3/3
  1352 | D:2      | Reached XP level 4. HP: 21/40 MP: 4/4
  1727 | D:3      | Reached XP level 5. HP: 40/46 MP: 5/5
  1748 | D:3      | Reached skill level 5 in Axes
  1748 | D:3      | Reached skill level 5 in Armour
  2188 | D:4      | Noticed Menkaure
  2214 | D:4      | Killed Menkaure
  2214 | D:4      | Reached XP level 6. HP: 15/55 MP: 6/6
  2230 | D:4      | Found a staircase to the Ecumenical Temple.
  2251 | Temple   | Entered the Ecumenical Temple
  2503 | Temple   | Became a worshipper of Makhleb the Destroyer
  2729 | D:4      | Got a brightly glowing great sword
  2743 | D:4      | Identified the +8 great sword of Loerorch {freeze, +Blink Dex+3} (You found it on level 4 of the Dungeon)
  2913 | D:4      | Reached XP level 7. HP: 33/61 MP: 7/7
  3007 | D:5      | Entered Level 5 of the Dungeon
  3027 | D:5      | Gained mutation: You have sharp fingernails. [mutagenic meat]
  3028 | D:5      | Lost mutation: You have sharp fingernails. [mutagenic meat]
  3029 | D:5      | Gained mutation: You are resistant to hostile enchantments. (MR+) [mutagenic meat]
  3242 | D:5      | Reached * piety under Makhleb
  3464 | D:6      | Reached XP level 8. HP: 42/68 MP: 8/8
  3480 | D:6      | Found a glowing drain.
  3486 | D:6      | Noticed WilliamPratt's ghost (amateur GrFi)
  3490 | D:6      | Killed WilliamPratt's ghost
  3501 | Sewer    | Entered a sewer
  3531 | Sewer    | Got a smoking dagger
  3704 | Sewer    | Reached ** piety under Makhleb
  3760 | D:6      | Noticed Edmund
  3772 | D:6      | Killed Edmund
  3831 | D:6      | Found a bloodstained altar of Trog.
  3979 | D:6      | Gained mutation: You passively map the area around you. [Deep Dwarf growth]
  3979 | D:6      | Reached XP level 9. HP: 45/74 MP: 9/9
  3981 | D:6      | Noticed Pikel
  3988 | D:6      | Killed Pikel
  3988 | D:6      | Reached skill level 10 in Axes
  3988 | D:6      | Reached skill level 10 in Armour
  4050 | D:6      | Noticed Grinder
  4069 | D:6      | Killed Grinder
  4086 | D:6      | Identified the +11 dagger of Stickiness {pierce, +Inv rF- rN+++ Stlth-} (You found it in a sewer)
  4394 | D:7      | Reached *** piety under Makhleb
  4648 | D:7      | Noticed Tyryt0's ghost (novice OpFi)
  4663 | D:7      | Killed Tyryt0's ghost
  4763 | D:7      | Reached XP level 10. HP: 44/81 MP: 9/9
  5602 | D:8      | Found a staircase to the Lair.
  5898 | D:8      | HP: 4/81 [yak (6)]
  5994 | D:9      | HP: 1/81 [yak (10)]
  5999 | D:8      | Slain by a yak

Skill      XL: |  1  2  3  4  5  6  7  8  9 10 |
---------------+-------------------------------+-----
Axes           | 3 4 5 6 7 9 11 12 | 12.3
Armour         | 4 5 6 7 9 11 12 | 12.3
Fighting       | |  2.6
Shields        | |  3.2

Action                   |  1- 3 |  4- 6 |  7- 9 | 10-12 || total
-------------------------+-------+-------+-------+-------++-------
Melee: War axe           |   110 |   139 |   103 |   217 ||   569
       Great sword       |       |     8 |   155 |       ||   163
       Dagger            |       |       |     9 |       ||     9
Throw: Tomahawk          |       |       |     4 |       ||     4
 Abil: Device Recharging |       |       |     1 |     2 ||     3
Evoke: Wand              |       |     5 |     9 |     7 ||    21
  Use: Scroll            |     2 |     6 |     5 |       ||    13
       Potion            |       |     1 |     1 |       ||     2
  Eat: Chunk             |     2 |     5 |    15 |     5 ||    27
Armor: Scale mail        |    59 |    34 |       |       ||    93
       Ring mail         |       |    44 |   143 |    69 ||   256
       Chain mail        |       |       |       |    12 ||    12
Dodge: Dodged            |    68 |    99 |   181 |    99 ||   447
       Rpst.: Great sword |       |     1 |    37 |       ||    38
